 Dungeon Crawl Stone Soup version 0.18.1-8-gdd0e5ea (webtiles) character file.

309 hannobal the Chiller (level 6, -1/38 HPs)
             Began as an Octopode Ice Elementalist on June 8, 2016.
             Killed by divine providence
             ... invoked by an orc priest
              (16 damage)
             ... on level 4 of the Dungeon.
             The game lasted 00:15:25 (5285 turns).

hannobal the Chiller (Octopode Ice Elementalist)    Turns: 5285, Time: 00:15:26

Health: -1/38      AC:  7    Str:  7    XL:     6   Next: 41%
Magic:  5/10       EV: 12    Int: 21    God:
Gold:   160        SH:  0    Dex: 13    Spells: 3 memorised, 4 levels left

rFire  + . .     SeeInvis +     y - +2 dagger (venom)
rCold  . . .     Gourm    .     (no shield)
rNeg   . . .     Faith    .     (helmet restricted)
rPois  .         Spirit   .     (no amulet)
rElec  .         Dismiss  .     j - ring of protection from fire
rCorr  .         Reflect  .     r - ring of see invisible
SustAt .         Harm     .     (no ring)
MR     .....     Clarity  +     (no ring)
Stlth  +++.......               (no ring)
                                (no ring)
                                (no ring)
                                (no ring)

@: icy armour, slow, not resistant to hostile enchantments, fairly stealthy
A: almost no armour, amphibious, 8 rings, constrict 8, camouflage 1, clarity,
clever 1, gelatinous body 1, MP-powered wands
a: no special abilities


You were on level 4 of the Dungeon.
You were not hungry.

You visited 1 branch of the dungeon, and saw 4 of its levels.

You collected 160 gold pieces.

Inventory:

Hand Weapons
 a - a +1 flail of holy wrath
 b - a +0 hunting sling
 f - a +1 dagger of holy wrath
 l - a +0 mace
 o - a +0 short sword
 t - a +0 falchion
 x - a +0 blowgun
 y - a +2 dagger of venom (weapon)
Missiles
 d - 140 stones (quivered)
 i - 28 arrows
 p - 49 bolts
 v - 13 poisoned needles
Armour
 k - a +0 large shield
Jewellery
 j - a ring of protection from fire (left tentacle)
 r - a ring of see invisible (right tentacle)
Scrolls
 m - 2 scrolls of magic mapping
 n - 3 scrolls of remove curse
 s - a scroll of amnesia
 u - 3 scrolls of noise
Potions
 c - a potion of magic
 e - a potion of heal wounds
 w - a potion of agility
 z - 2 potions of cancellation
 A - a potion of curing
Books
 g - a book of Frost

   Spells                             Type                      Level
   a - Freeze                         Ice                          1
   b - Throw Frost                    Conjuration/Ice              2
   c - Ozocubu's Armour               Charms/Ice                   3
   d - Throw Icicle                   Conjuration/Ice              4
   e - Summon Ice Beast               Ice/Summoning                4
Comestibles
 h - a meat ration
 q - a bread ration
 B - 3 chunks of flesh


   Skills:
 - Level 1.0 Fighting
 - Level 1.0 Short Blades
 - Level 2.1 Dodging
 - Level 2.6 Stealth
 + Level 2.6 Spellcasting
 - Level 1.0 Conjurations
 - Level 1.0 Charms
 - Level 6.2 Ice Magic


You had 4 spell levels left.
You knew the following spells:

 Your Spells              Type           Power        Failure   Level  Hunger
o - Ozocubu's Armour      Chrm/Ice       ###.....     12%         3    ###....
t - Throw Frost           Conj/Ice       ###...       6%          2    ##.....
z - Freeze                Ice            ####         1%          1    None


Dungeon Overview and Level Annotations

Branches:
Dungeon (4/15)
 Temple: D:4-7

Altars:
Makhleb

Annotations:
D:3 2 exclusions, Grinder
D:4 raikaria's ghost, amateur DrWz


Innate Abilities, Weirdness & Mutations

You cannot wear most types of armour.
You are amphibious.
You can wear up to eight rings at the same time.
You can use your tentacles to constrict eight enemies at once.
Your skin changes colour to match your surroundings (Stealth).
Your rubbery body absorbs attacks (AC +1).
You possess an exceptional clarity of mind.
Your mind is acute. (Int +2)
You expend magic power (3 MP) to strengthen your wands.


Message History

Confirm with . or Enter, or press ? or * to list all spells.
A film of ice covers your body!
You start resting. 2 orcs come into view.
An orc comes into view. It is wielding a war axe.
The orc priest calls down the wrath of Beogh upon you.
Beogh smites you!
The orc shouts! x2
There is an open door here.
You are too injured to fight recklessly!
Casting: Ozocubu's Armour
Confirm with . or Enter, or press ? or * to list all spells.
Aiming: Freeze
Press: ? - help, Shift-Dir - straight line, f/p - orc priest
Aim: an orc priest, wielding a flail and wearing a leather armour You freeze the orc priest.
The orc priest is severely wounded.
The orc priest mumbles some strange prayers to Beogh against you.
Beogh smites you!
You die...

#.# ##.....## ##.##
##.......##
#####...####.........###
.....................'.
#####...###..........#
##....#.#.......#
##.#.#.##.....##
#.....###...## ###.###
##@## #.# #o# #.# #o#
#.. ... #.# ... #.#
.o.o. #. #.... ##..##


You could see an orc priest and 3 orcs.

Vanquished Creatures
  An ogre (D:4)
  A scorpion (D:4)
  An iguana (D:4)
  2 worker ants (D:4)
  4 adders
  An ooze (D:3)
  A worm (D:4)
  3 giant geckos
  4 orcs
  2 giant cockroaches
  7 goblins
  4 hobgoblins
  6 jackals (D:2)
  A ball python (D:2)
  12 bats
  3 giant newts
  8 kobolds
  5 rats
  A plant (D:4)
67 creatures vanquished.

Vanquished Creatures (others)
  2 plants (D:4)
2 creatures vanquished.

Grand Total: 69 creatures vanquished

Notes
Turn   | Place    | Note
--------------------------------------------------------------
     0 | D:1      | hannobal the Octopode Ice Elementalist began the quest for the Orb.
     0 | D:1      | Reached XP level 1. HP: 11/11 MP: 3/3
   504 | D:1      | Reached XP level 2. HP: 10/17 MP: 1/5
   508 | D:1      | Learned a level 2 spell: Throw Frost
   663 | D:1      | You fall through a shaft!
   911 | D:2      | Reached skill level 4 in Ice Magic
   911 | D:2      | Reached XP level 3. HP: 20/21 MP: 3/6
  1315 | D:1      | Learned a level 3 spell: Ozocubu's Armour
  1661 | D:2      | Reached skill level 1 in Charms
  2467 | D:2      | Reached skill level 1 in Fighting
  2604 | D:3      | Gained mutation: Your mind is acute. (Int +2) [potion of mutation]
  2604 | D:3      | Gained mutation: You expend magic power (3 MP) to strengthen your wands. [potion of mutation]
  2604 | D:3      | Gained mutation: You possess an exceptional clarity of mind. [potion of mutation]
  2619 | D:3      | Noticed Grinder
  2631 | D:3      | Reached XP level 4. HP: 26/28 MP: 5/7
  2713 | D:3      | Reached skill level 1 in Short Blades
  3203 | D:3      | Found a burning altar of Makhleb.
  3203 | D:3      | Noticed a cacodemon
  3780 | D:3      | Noticed an orange demon
  3780 | D:3      | Noticed a hellwing
  4032 | D:4      | Reached XP level 5. HP: 26/33 MP: 3/8
  4181 | D:4      | Reached skill level 5 in Ice Magic
  4421 | D:4      | Noticed an ogre
  4470 | D:4      | HP: 1/33 [ogre/giant club (29)]
  4472 | D:4      | Killed an ogre
  4472 | D:4      | Reached skill level 6 in Ice Magic
  4472 | D:4      | Reached XP level 6. HP: 33/38 MP: 2/9
  4701 | D:4      | Noticed a phantom
  5072 | D:4      | Noticed raikaria's ghost (amateur DrWz)
  5285 | D:4      | Killed from afar by an orc priest

Skill      XL: |  1  2  3  4  5 |
---------------+----------------+-----
Ice Magic      | 4 6 |  6.2
Charms         | 1 |  1.0
Fighting       | 1 |  1.0
Short Blades   | 1 |  1.0
Dodging        | |  2.1
Stealth        | |  2.6
Spellcasting   | |  2.6
Conjurations   | |  1.0

Action                   |  1- 3 |  4- 6 || total
-------------------------+-------+-------++-------
Melee: Dagger            |    11 |       ||    11
       Constrict         |     4 |     1 ||     5
       Flail             |       |    27 ||    27
       Tentacles         |       |     1 ||     1
 Fire: Hunting sling     |       |     4 ||     4
Throw: Stone             |     2 |    10 ||    12
 Cast: Freeze            |    54 |    53 ||   107
       Throw Frost       |     1 |     3 ||     4
       Ozocubu's Armour  |     1 |    11 ||    12
  Use: Potion            |     7 |     3 ||    10
       Scroll            |     4 |     6 ||    10
  Eat: Chunk             |     6 |     8 ||    14
       Bread ration      |       |     1 ||     1
Armor: Skin              |     3 |     8 ||    11
Dodge: Dodged            |    41 |    29 ||    70
